 Dungeon Crawl Stone Soup version 0.20-a0-823-gdec668e (webtiles) character file.

102 Aksej the Sneak (level 4, 0/29 HPs)
             Began as an Octopode Assassin on Mar 5, 2017.
             Slain by a gnoll
             ... wielding a +0 spear
              (8 damage)
             ... on level 2 of the Dungeon.
             The game lasted 00:04:23 (1523 turns).

Aksej the Sneak (Octopode Assassin)                 Turns: 1523, Time: 00:04:23

Health: 0/29       AC:  1    Str: 10    XL:     4   Next: 77%
Magic:  4/4        EV: 13    Int: 13    God:
Gold:   92         SH:  0    Dex: 14    Spells: 3/3 levels left

rFire    . . .     SeeInvis .   a - +0 short sword (speed)
rCold    . . .     Gourm    .   (no shield)
rNeg     . . .     Faith    .   (helmet restricted)
rPois    .         Spirit   .   (no amulet)
rElec    .         Reflect  .   (no ring)
rCorr    .         Harm     .   (no ring)
MR       .....                  (no ring)
Stlth    ++........             (no ring)
Regen    0.1/turn               (no ring)
MPRegen  0.1/turn               (no ring)
                                (no ring)
                                (no ring)

@: confused
A: almost no armour, stealthy swim, amphibious, 8 rings, constrict 8, camouflage
1, gelatinous body 1
a: no special abilities


You were on level 2 of the Dungeon.
You were not hungry.

You visited 1 branch of the dungeon, and saw 4 of its levels.

You collected 92 gold pieces.

Inventory:

Hand Weapons
 a - a +0 short sword of speed (weapon)
 b - a +0 blowgun
Missiles
 c - 40 poisoned needles
 d - 2 curare-tipped needles
Scrolls
 e - a scroll of amnesia
 j - 5 scrolls of identify {unknown}
 l - a scroll of teleportation
Comestibles
 f - a bread ration
 g - 6 chunks of flesh
 h - 2 meat rations
 i - 5 fruits
 k - a royal jelly


   Skills:
 + Level 2.2 Fighting
 * Level 3.4 Short Blades
 + Level 2.1 Throwing
 + Level 1.1 Dodging
 + Level 6.8 Stealth


You had 3 spell levels left.
You didn't know any spells.

Dungeon Overview and Level Annotations

Branches:
Dungeon (4/15)
 Temple: D:4-7

Altars:


Innate Abilities, Weirdness & Mutations

You cannot wear most types of armour.
You are very stealthy in the water. (Stealth+)
You are amphibious.
You can wear up to eight rings at the same time.
You can use your tentacles to constrict eight enemies at once.
Your skin changes colour to match your surroundings (Stealth+).
Your rubbery body absorbs attacks. (AC +1, EV +1)


Message History

You hit the gnoll.
You kill the gnoll!
The gnoll closely misses you. The gnoll misses you.
The gnoll barely misses you.
You see here a gnoll corpse.
The gnoll closely misses you. x2
The gnoll hits you from afar with a spear.
You bump into the rock wall.
The gnoll hits you from afar with a halberd.
The gnoll closely misses you. The gnoll closely misses you. x2
You see here a gnoll corpse.
You hit the gnoll.
The gnoll is moderately wounded.
The gnoll hits you with a halberd!
Ouch! That really hurt!
* * * LOW HITPOINT WARNING * * *
The gnoll barely misses you. The gnoll hits you with a spear!
You die...

...#.#.............)............'
<..#.......##.#..#.#.#.#.####.###
..##.......##.#..#<#.#.#.####.###
..'........##.#..#...#.#.......##
..####'######.#........######..##
..# #.# #.##.#.###......#..## ..#
#.# #..........####.#..## ###
#.##########.####### #.#..#.
#.#......gg@.......###.#..##
#.#.......g##......#...#....
#.#........##......#.###.###
######'#........##......#.# #.# #
................##......#.# #.# #
................###.....#.# #.# #
.............<..###.....#.# #.# #
........##........#....[#.###'###
........##........# #.##.....


You could see 3 gnolls.

Vanquished Creatures
  A gnoll (D:2)
  An adder (D:2)
  An adder zombie (D:4)
  5 worms (D:2)
  2 dart slugs
  2 leopard geckos
  An orc (D:3)
  2 giant cockroaches (D:1)
  6 goblins
  5 hobgoblins
  6 jackals
  9 kobolds
  A ball python skeleton (D:4)
  7 bats
  4 frilled lizards
  8 rats
61 creatures vanquished.

Notes
Turn   | Place    | Note
-------+----------+-------------------------------------------
     0 | D:1      | Aksej the Octopode Assassin began the quest for the Orb.
     0 | D:1      | Reached XP level 1. HP: 14/14 MP: 1/1
    76 | D:1      | Reached XP level 2. HP: 16/19 MP: 2/2
   195 | D:1      | Reached skill level 6 in Stealth
   286 | D:1      | Reached XP level 3. HP: 21/24 MP: 3/3
   571 | D:2      | You fall through a shaft for 2 floors!
   736 | D:3      | Reached XP level 4. HP: 19/29 MP: 4/4
  1523 | D:2      | Slain by a gnoll

Vault maps used:
D:1:      lemuel_arrival_broad_hall
D:3:      kennysheep_goblin_castle, kennysheep_generic_room_10
D:4:      kennysheep_mini_moat, grunt_temple_overflow_gold_and_silver,
          first_bread, kennysheep_windowed_goal, uniq_robin

Skill      XL: |  1  2  3  4 |
---------------+-------------+-----
Stealth        | 6 |  6.8
Short Blades   | 3 |  3.4
Fighting       | |  2.2
Throwing       | |  2.1
Dodging        | |  1.1

Action                   |  1- 3 |  4- 6 || total
-------------------------+-------+-------++-------
Melee: Dagger            |    58 |       ||    58
       Constrict         |    14 |    15 ||    29
       Tentacles         |     7 |     8 ||    15
       Short sword       |     1 |    56 ||    57
 Fire: Blowgun           |       |     3 ||     3
  Use: Scroll            |     2 |       ||     2
       Potion            |       |     1 ||     1
 Stab: Sleeping          |    10 |     9 ||    19
       Distracted        |     1 |       ||     1
  Eat: Chunk             |       |     2 ||     2
Armor: Skin              |     3 |     2 ||     5
Dodge: Dodged            |    34 |    22 ||    56
